 Dungeon Crawl Stone Soup version 0.27-a0-287-gd4424db430 (webtiles) character file.

Game seed: 9751059203680825370

166746 namelastname112 the Fighter (level 17, -1/151 HPs)
             Began as a Green Draconian Delver on Feb 9, 2021.
             Was an Initiate of Gozag.
             Killed from afar by a deep elf annihilator (52 damage)
             ... with a crystal spear
             ... on level 3 of the Elven Halls.
             The game lasted 01:09:17 (36765 turns).

namelastname112 the Fighter (DrDe)                 Turns: 36765, Time: 01:09:18

Health: -1/151     AC: 20    Str: 14    XL:     17   Next: 30%
Magic:  0/17       EV: 23    Int: 11    God:    Gozag
Gold:   103        SH:  6    Dex: 21    Spells: 16/16 levels left

rFire    . . .     SeeInvis .   L - +8 autumn katana {vorpal, Clar}
rCold    . . .     Faith    .   D - +0 buckler
rNeg     + + +     Spirit   +   (armour unavailable)
rPois    +         Reflect  .   r - +2 hat of the Bear Spirit {Spirit, +Rage rN+ Will++}
rElec    .         Harm     .   C - +1 cloak
rCorr    .         Rampage  .   Y - +1 pair of gloves {Dex+3}
Will     ++++.     Clarity  +   Z - +0 pair of boots
Stlth    ++++++....             P - amulet of the Present {rPois rN++ Will+ Regen+ Str-2}
HPRegen  0.75/turn              a - +4 ring of protection
MPRegen  0.15/turn              k - ring "Hoiziumuvi" {+Inv rPois rN+}

@: lethally poisoned (-1 -> -2), short of breath, gold aura
A: breathe noxious fumes, unfitting armour, stinger 1, poison resistance,
cold-blooded, AC +9
a: Breathe Noxious Fumes, Renounce Religion, Evoke Berserk Rage, Evoke
Invisibility, Potion Petition, Call Merchant, Bribe Branch


You were on level 3 of the Elven Halls.
You worshipped Gozag.
Gozag was aware of your devotion.
You visited 4 branches of the dungeon, and saw 26 of its levels.
You visited 1 bazaar.
You also visited: Ossuary and Ice Cave.

You collected 10970 gold pieces.
You spent 1999 gold pieces at shops.
You paid 8868 gold pieces to Gozag.

Inventory:

Hand Weapons
 L - the +8 autumn katana (weapon) {vorpal, Clar}
   (You bought it in a shop on level 1 of the Lair of Beasts)

   It inflicts extra damage upon your enemies.
   It protects you against confusion.
 V - the +7 dagger of Eschegon {speed, *Slow rPois rN+ Int+2}
   (You found it on level 2 of the Lair of Beasts)

   Attacks with this weapon are significantly faster.
   It affects your intelligence (+2).
   It protects you from poison.
   It protects you from negative energy.
   It may slow you when you take damage.
Missiles
 w - 3 throwing nets
 y - 7 curare-tipped darts (quivered)
Armour
 r - the +2 hat of the Bear Spirit (worn) {Spirit, +Rage rN+ Will++}
   (You found it on level 4 of the Lair of Beasts)

   It protects you from negative energy.
   It affects your willpower, your defense against some magical effects.
   It lets you go berserk.
 C - a +1 cloak (worn)
 D - a +0 buckler (worn)
 Y - a +1 pair of gloves of dexterity (worn)
 Z - a +0 pair of boots (worn)
Jewellery
 a - a +4 ring of protection (left hand)
 d - an uncursed amulet of reflection
 k - the ring "Hoiziumuvi" (right hand) {+Inv rPois rN+}
   (You acquired it on level 2 of the Dungeon)

   [ring of positive energy]

   It protects you from poison.
   It protects you from negative energy.
   It lets you turn invisible.
 F - an uncursed ring of willpower
 J - an uncursed ring of protection from fire
 M - an uncursed ring of see invisible
 P - the amulet of the Present (around neck) {rPois rN++ Will+ Regen+ Str-2}
   (You bought it in a shop on level 10 of the Dungeon)

   [amulet of regeneration]

   It affects your strength (-2).
   It protects you from poison.
   It greatly protects you from negative energy.
   It affects your willpower, your defense against some magical effects.
   It increases your rate of regeneration.
 T - an uncursed ring of ice
 W - an uncursed ring of magical power
 X - the amulet "Isausis" {Spirit rC+ rN+ Dex+6}
   (You bought it in a shop on level 1 of the Elven Halls)

   [amulet of guardian spirit]

   It causes incoming damage to be split between your health and magic.
   It affects your dexterity (+6).
   It protects you from cold.
   It protects you from negative energy.
Wands
 f - a wand of digging (13)
 v - a wand of paralysis (12)
 N - a wand of random effects (25)
 Q - a wand of flame (79)
 U - a wand of charming (16)
Scrolls
 b - 6 scrolls of fog
 c - 4 scrolls of magic mapping
 i - a scroll of blinking
 l - 7 scrolls of amnesia
 o - 17 scrolls of teleportation
 p - 16 scrolls of remove curse
 q - a scroll of brand weapon
 t - 4 scrolls of enchant armour
 E - 2 scrolls of enchant weapon
 H - 3 scrolls of identify
 S - 2 scrolls of immolation
Potions
 e - 5 potions of haste
 g - 4 potions of berserk rage
 h - 4 potions of lignification
 j - 14 potions of curing
 m - 2 potions of ambrosia
 n - 8 potions of flight
 s - 4 potions of might
 u - a potion of heal wounds
 x - 2 potions of resistance
 z - 4 potions of invisibility
 A - 2 potions of cancellation
 B - 2 potions of attraction
 I - 2 potions of mutation
 K - 3 potions of magic
 R - 4 potions of brilliance
Miscellaneous
 O - a tin of tremorstones (2/2)


   Skills:
 + Level 13.8 Fighting
 - Level 7.1(11.3) Short Blades
 * Level 13.6(14.2) Long Blades
 + Level 10.8 Throwing
 + Level 11.6 Dodging
 + Level 13.0 Stealth
 - Level 4.3 Shields
 + Level 13.4 Evocations


You had 16 spell levels left.
You didn't know any spells.
Your spell library contained the following spells:

 Spells                   Type           Power        Failure   Level
 Animate Skeleton         Necr           0%           34%         1
 Apportation              Tloc           0%           34%         1
 Beastly Appendage        Tmut           0%           34%         1
 Corona                   Hex            0%           34%         1
 Freeze                   Ice            0%           34%         1
 Pain                     Necr           0%           34%         1
 Summon Small Mammal      Summ           0%           34%         1
 Call Imp                 Summ           0%           47%         2
 Corpse Rot               Necr/Air       N/A          47%         2
 Sublimation of Blood     Necr           0%           47%         2
 Wereblood                Tmut           0%           47%         2
 Call Canine Familiar     Summ           0%           71%         3
 Frozen Ramparts          Ice            0%           71%         3
 Ozocubu's Armour         Ice            0%           71%         3
 Spider Form              Tmut/Pois      0%           71%         3
 Summon Guardian Golem    Hex/Summ       0%           71%         3
 Dispel Undead            Necr           0%           98%         4
 Hailstorm                Conj/Ice       0%           98%         4
 Ice Form                 Ice/Tmut       0%           98%         4
 Summon Ice Beast         Ice/Summ       0%           98%         4
 Summon Lightning Spire   Summ/Air       0%           98%         4
 Agony                    Necr           0%           100%        5
 Blade Hands              Tmut           0%           100%        5
 Bolt of Magma            Conj/Fire/Erth 0%           100%        5
 Iskenderun's Battlesphe  Conj           0%           100%        5
 Iron Shot                Conj/Erth      0%           100%        6
 Orb of Destruction       Conj           0%           100%        7
 Spellforged Servitor     Conj/Summ      0%           100%        7


Dungeon Overview and Level Annotations

Branches:
Dungeon (15/15)            Temple (0/1) D:7            Lair (6/6) D:10
  Swamp (0/4) Lair:4        Snake (0/4) Lair:2        Slime (0/5) Lair:5
    Orc (2/2) D:9             Elf (3/3) Orc:2        Vaults (0/5) D:13
 Depths (0/5) D:15        Ossuary (visited)           IceCv (visited)

Altars:
Dithmenos
Fedhas
Gozag
Makhleb
Nemelex Xobeh
Okawaru
Ru
Trog
Xom
Yredelemnul
Beogh

Shops:
D:10 =   D:13 :   Orc:1 ?   Orc:2 =***   Elf:1 [??*[   Elf:2 [   Elf:3 **
Lair:1 (

Annotations:
D:7 Harold
Elf:2 5 runed translucent doors


Innate Abilities, Weirdness & Mutations

You can breathe blasts of noxious fumes.
Your lurid green scales are hard. (AC +9)
You cannot fit into any form of body armour.
Your tail ends in a poisonous barb.
Your system is resistant to poisons. (rPois)
You are cold-blooded and may be slowed by cold attacks.


Message History

The deep elf demonologist hits you but does no damage!
You are electrocuted!!!
You take 9 damage, and have 52/151 hp!
You now have 6/17 mp!
You open the deep elf demonologist like a pillowcase!!!!!!
You annihilate the deep elf demonologist!!!
You feel sick!
The deep elf annihilator is engulfed in noxious fumes!
You take 1 damage, and have 51/151 hp!
A deep elf blademaster and a deep elf master archer come into view!
You feel sick!
The deep elf annihilator seems less brilliant!
The deep elf annihilator laughs crazily!
The deep elf annihilator mumbles some strange words!
The deep elf annihilator blinks!!!
The deep elf blademaster moves out of view!
You feel sick!
The deep elf annihilator casts a spell at you!
The crystal spear hits you!!!!!!!!! rip Your body crumbles into a pile of gold!

.## ##..###............###. ##
#..##...<....).....# ## #
#.##.....e........## #. ######
#.###...§$..§....## #. .....#
#.##....##......## #. .###.#
#.##.##.#*.e....## ##.
..##.######.#.##§###.####..####..
.##..)...))..##e###e#* .#.##E..
###...#####.##.#@#.#* .##.E...
###...# #.##.###°#.#* ##)#.E..
.....## ###.# ##°#.#* ##.###E..
).<..# #.# #°#.###.## .E# #.####
#.# #°#.#.## #. #..# ## #.#)## #
##'# #○## # ##.## ## ###
#...#*****


#EE You could see a deep elf annihilator (empowered).

Vanquished Creatures
  Jorgrun (D:15)
  Rupert (D:13)
  Gastronok (Lair:1)
  5 deep elf sorcerers
  2 orc warlords
  Louise (D:15)
  2 deep elf elementalists (Elf:3)
  A very ugly thing (D:15)
  A deep elf demonologist (Elf:3)
  Azrael (Orc:2)
  2 deep elf annihilators
  An ettin (Orc:1)
  3 deep elf death magi
  2 deep elf high priests (Elf:3)
  2 fire dragons (D:15)
  2 boulder beetles (D:12)
  15 hydras
  3 catoblepae
  4 centaur warriors
  2 ogre magi (D:15)
  12 two-headed ogres
  A deep troll shaman (Lair:6)
  An orc high priest (Orc:1)
  16 death yaks (Lair:6)
  Urug (Lair:2)
  11 deep elf knights
  Nergalle (Lair:3)
  2 unseen horrors
  6 deep elf archers
  A swamp dragon (D:15)
  A flayed ghost (D:15)
  A lindwurm (Lair:4)
  13 deep elf zephyrmancers
  9 orc knights
  15 deep elf pyromancers
  4 necromancers (Elf:1)
  An orc sorcerer (Orc:1)
  11 ugly things
  3 large abominations (Elf:1)
  A manticore (D:12)
  4 oklob plants (Lair:2)
  A will-o-the-wisp (D:15)
  A cyclops (D:15)
  A cyclops (shapeshifter) (Elf:2)
  7 black mambas
  11 elephants
  Maurice (D:13)
  A black mamba (shapeshifter) (D:13)
  4 gargoyles
  Maggie (D:7)
  15 cane toads
  2 rime drakes
  15 komodo dragons
  2 yaktaurs (D:13)
  3 meliai (D:15)
  5 trolls
  4 polar bears
  10 slime creatures
  24 blink frogs
  2 meliai zombies
  5 air elementals
  11 wyverns
  A vampire (D:14)
  A shadow (D:11)
  Sigmund (D:6)
  49 yaks
  4 wraiths
  5 water elementals
  3 fire elementals
  9 basilisks
  A hog (shapeshifter) (D:15)
  13 vampire mosquitoes
  Edmund (D:6)
  4 wargs
  A naga (Lair:2)
  An acid dragon (D:14)
  A soldier ant (D:13)
  5 hell hounds (Orc:2)
  Duvessa (D:7)
  20 water moccasins
  5 ice beasts
  5 sky beasts
  A black bear (D:9)
  52 orc warriors
  4 necrophages
  A hornet zombie (D:10)
  12 ogres
  9 wolves
  29 centaurs
  5 phantoms
  Blork the orc (D:5)
  5 elf zombies
  18 bullfrogs
  A kobold brigand (D:14)
  An earth elemental (Elf:2)
  A wyvern zombie (D:13)
  2 scorpions
  A wyvern skeleton (D:12)
  Dowan (D:7)
  8 wights
  6 electric eels (D:14)
  2 bullfrog zombies
  6 centaur zombies
  A lava snake (D:7)
  2 hounds
  2 human zombies (Ossuary)
  4 jellies
  15 orc priests
  4 bullfrog skeletons
  7 centaur skeletons
  3 iguanas
  16 orc wizards
  10 worker ants
  2 hell rats (Lair:5)
  2 killer bee zombies (D:10)
  4 hound zombies
  3 mummies (Ossuary)
  2 worker ant zombies
  3 gnolls (Orc:1)
  12 adders
  A shadow imp (D:6)
  A white imp (D:5)
  An ufetubus (D:6)
  3 oozes (Lair:5)
  4 adder zombies
  2 worms
  3 dart slugs
  8 leopard geckos
  77 orcs
  5 giant cockroaches
  6 gnoll zombies
  5 goblins
  6 hobgoblins
  17 jackals
  13 kobolds
  4 quokkas
  A ball python (D:3)
  3 bats
  6 frilled lizards
  4 goblin zombies (Ossuary)
  3 hobgoblin zombies (Ossuary)
  3 jackal zombies (Ossuary)
  3 kobold zombies (Ossuary)
  A leopard gecko skeleton (D:4)
  2 orc zombies (Ossuary)
  A quokka skeleton (D:4)
  6 quokka zombies (Ossuary)
  6 rats
  A rat zombie (Ossuary)
878 creatures vanquished.

Vanquished Creatures (collateral kills)
  A hydra (Lair:5)
  4 rime drakes (Lair:5)
  A wyvern (Lair:5)
  3 basilisks (Lair:5)
  2 hell rats (Lair:5)
11 creatures vanquished.

Vanquished Creatures (others)
  9 dancing weapons
  A deep elf knight (Elf:1)
  A wizard (D:10)
  A blink frog (Lair:5)
  An air elemental (Elf:2)
  A yak (IceCv)
  A bullfrog (D:12)
  An orc priest (Elf:2)
  A foxfire (D:15)
  36 fungi
  131 plants
  6 withered plants (D:10)
190 creatures vanquished.

Grand Total: 1079 creatures vanquished

Notes
Turn   | Place    | Note
-------+----------+-------------------------------------------
     0 | D:5      | namelastname112 the Draconian Delver began the quest for
                  | the Orb.
     0 | D:5      | Reached XP level 1. HP: 19/19 MP: 1/1
    33 | D:4      | Found a sand-covered staircase.
    39 | Ossuary  | Entered an ossuary
   217 | Ossuary  | Reached XP level 2. HP: 19/26 MP: 2/2
   429 | Ossuary  | Reached XP level 3. HP: 29/33 MP: 3/3
  1400 | Ossuary  | Reached skill level 5 in Stealth
  1400 | Ossuary  | Reached XP level 4. HP: 22/40 MP: 4/4
  1455 | Ossuary  | Reached XP level 5. HP: 29/47 MP: 5/5
  1818 | Ossuary  | Reached XP level 6. HP: 28/53 MP: 6/6
  3355 | D:2      | Found an opulent altar of Gozag.
  3365 | D:2      | Became a worshipper of Gozag Ym Sagoz the Greedy
  3586 | D:2      | Reached skill level 5 in Fighting
  3708 | D:2      | Identified a scroll of acquirement
  3708 | D:2      | Acquired the ring "Hoiziumuvi" {+Inv rPois rN+}
  4197 | D:3      | You fall into a shaft and drop 3 floors!
  4235 | D:6      | Noticed an orc warrior
  4255 | D:6      | Reached skill level 1 in Evocations
  4272 | D:6      | Killed an orc warrior
  4273 | D:6      | Your scales start taking on a lurid green colour.
  4273 | D:6      | Reached XP level 7. HP: 52/61 MP: 4/7
  4273 | D:6      | Gained mutation: Your system is resistant to poisons.
                  | (rPois) [Green Draconian growth]
  4942 | D:6      | Reached skill level 1 in Short Blades
  5371 | D:6      | Noticed Edmund
  5412 | D:6      | Killed Edmund
  5413 | D:6      | Reached XP level 8. HP: 49/70 MP: 8/8
  5521 | D:6      | Noticed Sigmund
  5533 | D:6      | Killed Sigmund
  5534 | D:6      | Reached skill level 1 in Throwing
  5634 | D:5      | Noticed Blork the orc
  5643 | D:5      | Killed Blork the orc
  6833 | D:4      | Found a blossoming altar of Fedhas.
  7015 | D:4      | Reached skill level 5 in Evocations
  7105 | D:3      | Reached XP level 9. HP: 65/78 MP: 9/9
  7487 | D:3      | Found a burning altar of Makhleb.
  7509 | D:3      | Goblin1989: Yfvbh!!!!!
  7569 | D:3      | Goblin1989: Намир!!!!
  7569 | D:3      | namelastname112: а
  7723 | D:7      | Found an iron altar of Okawaru.
  7768 | D:7      | Noticed Maggie
  7773 | D:7      | Found a staircase to the Ecumenical Temple.
  7797 | D:7      | Killed Maggie
  7798 | D:7      | Reached skill level 5 in Dodging
  7900 | D:7      | Noticed Duvessa
  7900 | D:7      | Noticed Dowan
  7912 | D:7      | Killed Dowan
  7931 | D:7      | Killed Duvessa
  8288 | D:7      | Noticed Harold
  8313 | D:6      | Goblin1989: у тебя второй уровень дыхания?
  8456 | D:6      | namelastname112: не
  8456 | D:6      | namelastname112: это у наг только
  8876 | D:6      | Goblin1989: странно, я не думал раньше что оно пробивает
  9079 | D:8      | namelastname112: кого пробивает
  9118 | D:8      | Found a shimmering altar of Xom.
  9972 | D:9      | Found a sparkling altar of Nemelex Xobeh.
 10033 | D:9      | Noticed a two-headed ogre
 10094 | D:9      | Goblin1989: насквозь, как болт огненный. я думал что оно
                  | как у наг работает
 10165 | D:9      | Killed a two-headed ogre
 10166 | D:9      | Reached skill level 1 in Shields
 10345 | D:9      | namelastname112: путаешь
 10375 | D:9      | Found a basalt altar of Yredelemnul.
 10417 | D:9      | Found a staircase to the Orcish Mines.
 10449 | D:9      | Reached XP level 10. HP: 80/86 MP: 10/10
 10862 | D:9      | Found a sacrificial altar of Ru.
 11086 | D:10     | Entered Level 10 of the Dungeon
 11086 | D:10     | Noticed a purple ugly thing
 11105 | D:10     | Killed a purple ugly thing
 12174 | D:10     | Found a staircase to the Lair.
 12635 | D:10     | Found a bloodstained altar of Trog.
 12636 | D:10     | Noticed a wizard
 12642 | D:10     | Killed a wizard
 12974 | D:11     | Reached skill level 5 in Short Blades
 13198 | D:11     | Noticed a seven-headed hydra
 13275 | D:11     | Goblin1989: Как обычно, сперва до д15?
 13473 | D:10     | namelastname112: ага
 13475 | D:10     | Bought the amulet of the Present {rPois rN++ Will+ Regen+
                  | Str-2} for 743 gold pieces
 13515 | D:11     | Killed a seven-headed hydra
 13516 | D:11     | Reached XP level 11. HP: 58/94 MP: 9/11
 14910 | Orc:1    | Entered Level 1 of the Orcish Mines
 14977 | D:12     | Noticed a green ugly thing
 15005 | D:12     | Killed a green ugly thing
 15033 | D:12     | Noticed a two-headed ogre
 15036 | D:12     | Found a frozen archway.
 15054 | D:12     | Killed a two-headed ogre
 15055 | D:12     | Reached skill level 5 in Throwing
 15184 | IceCv    | Entered an ice cave
 16200 | D:12     | Noticed a green ugly thing
 16247 | D:12     | Killed a green ugly thing
 16579 | D:12     | Noticed a boulder beetle
 16611 | D:12     | Killed a boulder beetle
 16759 | D:12     | Noticed an unseen horror
 16788 | D:12     | Killed an unseen horror
 16789 | D:12     | Reached XP level 12. HP: 73/104 MP: 12/12
 16963 | D:12     | Noticed a boulder beetle
 17015 | D:12     | Killed a boulder beetle
 17144 | D:13     | Noticed Rupert
 17205 | D:13     | Found a gate to the Vaults.
 17208 | D:13     | Noticed a yaktaur captain
 17365 | Lair:1   | Entered Level 1 of the Lair of Beasts
 17598 | Lair:1   | Noticed Gastronok
 17660 | D:10     | Reached skill level 10 in Evocations
 18779 | Lair:1   | Killed Gastronok
 19103 | Lair:2   | Goblin1989: ермак не так его убивает. он кайтит и дартсами
                  | пуляет пока он яда не умрет
 19185 | Lair:1   | Reached skill level 10 in Fighting
 19185 | Lair:1   | Reached skill level 5 in Long Blades
 19205 | Lair:1   | namelastname112: ну я не ермак
 19205 | Lair:1   | namelastname112: я ленивый
 19602 | Lair:1   | Bought the +8 autumn katana {vorpal, Clar} for 794 gold
                  | pieces
 19602 | Lair:1   | Found the +8 autumn katana {vorpal, Clar}
 19867 | Lair:2   | Found a staircase to the Snake Pit.
 19936 | Lair:2   | Reached XP level 13. HP: 60/113 MP: 13/13
 20404 | Lair:2   | Noticed Urug
 20414 | Lair:2   | Killed Urug
 20415 | Lair:2   | Reached skill level 10 in Stealth
 20605 | Lair:2   | Got an ebony dagger
 20606 | Lair:2   | Identified the +7 dagger of Eschegon {speed, *Slow rPois
                  | rN+ Int+2} (You found it on level 2 of the Lair of Beasts)
 21212 | Lair:3   | Noticed Nergalle
 21222 | Lair:3   | Killed Nergalle
 22539 | Lair:4   | Found a staircase to the Swamp.
 22571 | Lair:4   | Found the +2 hat of the Bear Spirit {Spirit, +Rage rN+
                  | Will++}
 23493 | Lair:5   | Found a staircase to the Slime Pits.
 24132 | Lair:5   | Gained mutation: Your tail ends in a poisonous barb. [Green
                  | Draconian growth]
 24132 | Lair:5   | Reached XP level 14. HP: 106/114 MP: 14/14
 24499 | Lair:5   | Goblin1989: вау
 24517 | Lair:5   | Goblin1989: катана
 24667 | Lair:6   | Entered Level 6 of the Lair of Beasts
 24780 | Lair:6   | Goblin1989: изи вин?
 24835 | Lair:5   | namelastname112: я ниндзя
 26181 | Lair:6   | Reached skill level 10 in Long Blades
 26786 | Orc:1    | Found Hemoll's Magic Scroll Shoppe.
 27097 | Orc:2    | Entered Level 2 of the Orcish Mines
 27125 | Orc:2    | Noticed an orc warlord
 27212 | Orc:1    | Reached XP level 15. HP: 98/120 MP: 11/15
 27228 | Orc:1    | Killed an orc warlord
 27229 | Orc:1    | Reached skill level 10 in Dodging
 28124 | Orc:2    | Found Zuleo's General Store.
 28124 | Orc:2    | Found Zuajaup's General Store.
 28147 | Orc:2    | Noticed Azrael
 28148 | Orc:2    | Found Qibbim's General Store.
 28150 | Orc:2    | Found Kuwot's Jewellery Emporium.
 28160 | Orc:2    | Killed Azrael
 28471 | Orc:2    | Found a staircase to the Elven Halls.
 28951 | D:13     | Killed Rupert
 28998 | D:13     | Found Koetuzi's Book Boutique.
 29447 | D:13     | Noticed Maurice
 29453 | D:13     | Killed Maurice
 29503 | D:13     | Found a shadowy altar of Dithmenos.
 30663 | D:14     | You fall into a shaft and drop 1 floor!
 30663 | D:15     | Entered Level 15 of the Dungeon
 31285 | D:15     | Got a brightly glowing glass ring
 31532 | D:15     | Found a staircase to the Depths.
 31561 | D:15     | Noticed Louise
 31614 | D:15     | Noticed Jorgrun
 31662 | D:15     | Killed Jorgrun
 31663 | D:15     | Reached XP level 16. HP: 125/133 MP: 13/16
 32280 | D:15     | Killed Louise
 32529 | Elf:1    | Entered Level 1 of the Elven Halls
 32580 | Orc:2    | Reached skill level 10 in Throwing
 33114 | Elf:1    | Identified the Papyrus of Evil
 33649 | Elf:1    | Found Evun's Antique Armour Shop.
 34144 | Elf:1    | Bought a flickering platinum amulet for 185 gold pieces
 34153 | Elf:1    | Identified the amulet "Isausis" {Spirit rC+ rN+ Dex+6} (You
                  | bought it in a shop on level 1 of the Elven Halls)
 34154 | Elf:1    | Identified the ring of Fatigue {+Fly rPois rC- Str-4 Int+5}
                  | (You found it on level 15 of the Dungeon)
 34516 | Elf:2    | Found a roughly hewn altar of Beogh.
 35523 | Elf:2    | Reached XP level 17. HP: 136/148 MP: 13/17
 35670 | Elf:2    | Found a huge runed translucent gate.
 35670 | Elf:2    | Found a huge runed translucent gate.
 35671 | Elf:2    | Found a huge runed translucent gate.
 35672 | Elf:2    | Found a huge runed translucent gate.
 35704 | Elf:2    | Found a huge runed translucent gate.
 35849 | Elf:3    | Entered Level 3 of the Elven Halls
 35861 | Elf:3    | Found Icirch's General Store.
 35910 | Elf:3    | Found a flickering gateway to a bazaar.
 35917 | Bazaar   | Entered a bazaar
 35917 | Bazaar   | Found Keteom's Magic Scroll Shoppe.
 35917 | Bazaar   | Found Buwatry's Distillery.
 36027 | Bazaar   | Found Ulyimuj's Armour Emporium.
 36033 | Bazaar   | Found Uvuqecvu's Magic Scroll Boutique.
 36046 | Bazaar   | Found Icipib's Antique Armour Shop.
 36053 | Bazaar   | Bought a pair of ancient gloves for 180 gold pieces
 36053 | Bazaar   | Identified the +0 pair of gloves of Bouhuorph {rPois} (You
                  | bought it in a shop in a bazaar)
 36065 | Bazaar   | Bought a scroll of blinking for 97 gold pieces
 36114 | Elf:3    | Found Xitoamem's Assorted Antiques.
 36764 | Elf:3    | Noticed a deep elf blademaster
 36764 | Elf:3    | Noticed a deep elf master archer
 36765 | Elf:3    | Killed from afar by a deep elf annihilator

Illustrated notes

Levels and vault maps discovered:
D:1:      lightli_arrival_statuegarden, layout_rooms
D:2:      layout_rooms, grunt_gozag_breadcrumbs
D:3:      layout_basic, general_overflow_altar, hangedman_decor_lopped
D:4:      layout_basic, nicolae_ossuary_entry_monument,
          fedhas_bush_and_centaur_altar
D:5:      layout_rooms, basic_altar, uniq_blork_the_orc
D:6:      layout_loops_corners, sigmund_edmund_badplayer
D:7:      layout_loops_corners, old_standard_altar, minmay_temple_entry_slanted,
          nicolae_lava_and_water, uniq_harold, uniq_maggie, uniq_duvessa
D:8:      layout_basic, serial_rivers, chequers_serial_rivers_micro_b,
          chequers_serial_rivers_room_b, chequers_serial_rivers_micro_b,
          chequers_serial_rivers_micro_d, chequers_serial_rivers_large_b,
          chequers_serial_rivers_small_b, basic_altar
D:9:      layout_small_grid, lemuel_crystal_altar,
          nicolae_ru_the_path_less_chosen, lemuel_zombie_altar_yredelemnul,
          david_orc_3
D:10:     layout_roguey, david_lair_shrubbed, serial_undead, serial_undead_c,
          serial_undead_c, serial_undead_f, serial_undead_f, serial_undead_a,
          serial_undead_d, trog_wizard
D:11:     layout_small_grid
D:12:     layout_gridville, portal_ice_cave_entry_pillars_1, minmay_bent
D:13:     layout_stronghold, david_vaults_2, basic_altar, serial_shops,
          nicolae_shop_waterfront, kennysheep_generic_room_13, uniq_rupert,
          uniq_maurice
D:14:     layout_roguey, chequers_big_river, mumra_transporter_accident,
          serial_bayou_lagoon_a, lightli_minifort
D:15:     grunt_enter_depths_hoard, layout_loops_ring,
          hangedman_abyss_or_decor_lesser_grid, pond, uniq_louise, uniq_jorgrun
Lair:1:   layout_regular_city, beast_lair_carwin_11, uniq_gastronok
Lair:2:   layout_cave_pods, guppyfry_snake_entry_island, minivault_27,
          minmay_lair_oklob_chamber, grunt_megastairs_5, uniq_urug
Lair:3:   layout_regular_city, infiniplex_staircase_pool_2, lemuel_fruit_fields,
          uniq_nergalle
Lair:4:   layout_cave_pods, swamp_mist
Lair:5:   layout_hall_layers, nicolae_slime_entry_slimehenge, special_room
          [special_room_mythical_zoo], lemuel_fruit_tree
Lair:6:   grunt_lair_end_beastmaster, layout_regular_city,
          infiniplex_staircase_pool
Orc:1:    layout_caves, serial_shops, nicolae_shop_statue_plus
Orc:2:    st_orc_rangers, layout_caves, uniq_azrael
Elf:1:    minmay_elf_arrival_summoners, layout_loops_corners, serial_shops,
          shop, minmay_elf_necromancy
Elf:2:    layout_loops_cross, special_room [special_room_orc]
Elf:3:    minmay_elf_hall_four_x, layout_loops_corners, serial_shops,
          bzr_entry_safe, shop, nicolae_shop_crystal, nicolae_shop_crystal

Skill      XL: |  1  2  3  4  5  6  7  8  9 10 11 12 13 14 15 16 17 |
---------------+----------------------------------------------------+-----
Dodging        | 2 3 4 5 6 7 8 9 10 11 | 11.6
Fighting       | 4 5 6 7 8 9 10 11 12 13 | 13.8
Stealth        | 5 6 7 8 9 10 11 12 13 | 13.0
Long Blades    | 3 4 5 8 10 11 13 | 13.6
Evocations     | 1 3 5 6 8 9 10 11 12 13 | 13.4
Short Blades   | 1 2 4 5 6 7 |  7.1
Throwing       | 2 3 4 5 6 7 8 9 10 | 10.8
Shields        | 1 3 4 |  4.3

Action                   |  1- 3 |  4- 6 |  7- 9 | 10-12 | 13-15 | 16-18 || total
-------------------------+-------+-------+-------+-------+-------+-------++-------
Melee: Falchion          |   123 |   169 |       |       |       |       ||   292
       Tailslap          |    19 |    53 |    88 |   296 |   240 |   120 ||   816
       Short sword       |       |    95 |   471 |  1481 |       |       ||  2047
       Unarmed           |       |       |       |    10 |       |       ||    10
       Katana            |       |       |       |    22 |  1170 |   551 ||  1743
       Dagger            |       |       |       |       |   104 |     3 ||   107
Throw: Throwing net      |       |     2 |     1 |     3 |       |       ||     6
       Dart              |       |       |     5 |     4 |     3 |     2 ||    14
Invok: Call Merchant     |       |       |       |     2 |       |     5 ||     7
       Potion Petition   |       |       |       |     1 |     1 |       ||     2
 Abil: Evoke Invisibilit |       |     1 |       |     7 |    22 |     5 ||    35
       Breathe Noxious F |       |       |    27 |    38 |    31 |    19 ||   115
       Evoke Berserk Rag |       |       |       |       |     1 |       ||     1
Evoke: Wand              |       |       |       |    17 |    25 |    12 ||    54
       Tin of tremorston |       |       |       |       |     2 |       ||     2
  Use: Scroll            |       |     7 |    12 |     9 |    11 |     8 ||    47
       Potion            |       |       |     2 |     4 |     2 |       ||     8
 Stab: Sleeping          |     1 |    12 |    14 |    15 |    27 |    10 ||    79
       Invisible         |       |     2 |       |    21 |    89 |    34 ||   146
       Confused          |       |       |    22 |    42 |    18 |    17 ||    99
       Distracted        |       |       |     2 |     4 |     9 |     4 ||    19
       Held in net/web   |       |       |     1 |     2 |       |       ||     3
       Petrified         |       |       |       |       |    13 |       ||    13
       Petrifying        |       |       |       |       |     1 |       ||     1
Armor: Skin              |    33 |    75 |   139 |   468 |   215 |    67 ||   997
Dodge: Dodged            |    87 |   162 |   261 |   902 |   758 |   205 ||  2375
Block: Buckler           |       |       |       |   139 |   258 |    57 ||   454
       Rpst.: Falchion   |    35 |    30 |       |       |       |       ||    65
       Katana            |       |       |       |     4 |   165 |    48 ||   217

Table legend: (Time is in decaauts)
 A = Elapsed time spent in this place.
 B = Non-inter-level travel time spent in this place.
 C = Inter-level travel time spent in this place.
 D = Time resting spent in this place.
 E = Time spent auto-exploring this place.
 F = Levels seen in this place.
 G = Mean time per level.
                   A        B        C        D        E       F      G
               +--------+--------+--------+--------+--------+-----+--------+
         Total |  35910 |  33822 |   2088 |   6719 |  17755 |  29 | 1238.3 |
       Dungeon |  18110 |  16797 |   1313 |   2460 |  10091 |  15 | 1207.3 |
          Lair |   8661 |   8081 |    580 |    965 |   5028 |   6 | 1443.5 |
  Orcish Mines |   2256 |   2151 |    105 |    493 |    968 |   2 | 1128.0 |
   Elven Halls |   3578 |   3488 |     90 |    959 |   1454 |   3 | 1192.7 |
        Bazaar |    158 |    158 |      0 |      0 |    135 |   1 |  158.0 |
       Ossuary |   2431 |   2431 |      0 |   1396 |     78 |   1 | 2431.0 |
      Ice Cave |    712 |    712 |      0 |    445 |      0 |   1 |  712.0 |
               +--------+--------+--------+--------+--------+-----+--------+

Top non-repeatable levels by time:
 Ossuary: 2431 daAuts
    D:10: 2243 daAuts
     D:6: 2084 daAuts
   Elf:2: 1694 daAuts
  Lair:6: 1658 daAuts
  Lair:2: 1617 daAuts
  Lair:1: 1614 daAuts
    D:12: 1450 daAuts
     D:9: 1413 daAuts
   Elf:1: 1405 daAuts
   Orc:2: 1399 daAuts
  Lair:5: 1363 daAuts
    D:11: 1345 daAuts
    D:13: 1256 daAuts
  Lair:3: 1240 daAuts
